 Dungeon Crawl Stone Soup version 0.28.0-47-ge53b351184 (console) character file.

Game seed: 9475355099067773668

75 Faeu the Covered (level 4, -3/40 HPs)
             Began as a Minotaur Fighter on May 1, 2022.
             Killed by nerve-wracking pain
             ... invoked by an orc priest
              (5 damage)
             ... on level 3 of the Dungeon on May 2, 2022.
             The game lasted 00:03:42 (2151 turns).

Faeu the Covered (Minotaur Fighter)                 Turns: 2151, Time: 00:03:43

Health: -3/40      AC:  7    Str: 22    XL:     4   Next: 11%
Magic:  3/3        EV:  9    Int:  5    God:
Gold:   69         SH:  4    Dex: 10    Spells: 3/3 levels left

rFire   . . .      SeeInvis .   a - +0 war axe {axe}
rCold   . . .      Faith    .   c - +0 buckler
rNeg    . . .      Spirit   .   b - +0 scale mail
rPois   .          Reflect  .   (helmet restricted)
rElec   .          Harm     .   (no cloak)
rCorr   .          Rampage  .   (no gloves)
Will    .....                   (no boots)
Stlth   ..........              (no amulet)
HPRegen 0.13/turn               (no ring)
MPRegen 0.08/turn               (no ring)

@: no status effects
A: horns 2, retaliatory headbutt
a: no special abilities


You were on level 3 of the Dungeon.
You visited 1 branch of the dungeon, and saw 3 of its levels.

You collected 69 gold pieces.


Innate Abilities, Weirdness & Mutations

You have a pair of horns on your head.
You reflexively headbutt those who attack you in melee.


   Skills:
 + Level 4.2 Fighting
 + Level 3.2 Axes
 + Level 4.2 Armour
 + Level 1.5 Dodging
 + Level 4.2 Shields


You had 3 spell levels left.
You didn't know any spells.
Your spell library contained the following spells:

 Spells                   Type           Power      Damage    Failure   Level
 Ozocubu's Armour         Ice            0%         N/A       99%         3
 Conjure Ball Lightning   Conj/Air       0%         3x3d6     100%        6
 Ozocubu's Refrigeration  Ice            0%         4d5       100%        7
 Discord                  Hex            0%         N/A       100%        8
 Disjunction              Tloc           0%         N/A       100%        8

Inventory:

Hand Weapons
 a - a +0 war axe (weapon) {axe}
 j - a +3 dagger {short}
   (You took it off a goblin on level 1 of the Dungeon)
Armour
 b - a +0 scale mail (worn)
 c - a +0 buckler (worn)
Scrolls
 e - a scroll of brand weapon {unknown}
 f - 2 scrolls of identify {unknown}
 g - a scroll of amnesia {unknown}
 h - 2 scrolls of fear {unknown}
 m - a scroll of enchant armour {unknown}
Potions
 d - a potion of might
 i - a potion of curing {unknown}
 k - a potion of lignification {unknown}
 l - a potion of haste {unknown}

Dungeon Overview and Level Annotations

Branches:
Dungeon (3/15)

Altars:
Cheibriados

## #... #########..
...##.#.####..........
.#..........#..........
.........##...........$.
..........#.....<.......
............#...........
..............######....
...........#### ..#
....$....)## #
.......o.## $#.(..@o.#
#..###..#..# #........
#......... ...........
..#.........
.............
...........


You could see an orc priest and an orc wizard.


Message History

Done exploring.
No target in view!
Done exploring.
No target in view!
Done exploring.
No target in view!
(D) Dungeon
Where to? (Enter - D:2, ? - help)
There is a stone staircase leading down here.
You climb downwards.
There is a stone staircase leading up here.
You pick up Ozocubu's Autobiography and begin reading...
You add the spells Ozocubu's Armour and Ozocubu's Refrigeration to your library.
An orc comes into view. It is wielding a +0 dagger.
A quokka comes into view.
The orc shouts!
You hear a shout!
There are monsters nearby!
An orc wizard comes into view. It is wielding a +0 dagger.
There are monsters nearby!
The orc hits you with a +0 dagger. 😕 HP[-2]
You take 2 damage, and now have 38/40 hp.
There are monsters nearby!
You hit the orc. The orc hits you with a +0 dagger.
An orc priest comes into view. It is wielding a +0 war axe.
The orc hits you but does no damage. 😕 HP[-1]
You take 1 damage, and now have 37/40 hp.
There are monsters nearby!
The orc priest shouts!
You slash the orc!
You kill the orc!
You hit the quokka.
The quokka bites you but does no damage.
The orc wizard gestures at you while chanting.
The puff of flame hits you! You block the quokka's attack.
There are monsters nearby!
You are too injured to fight recklessly!
You are too injured to fight recklessly! 😮 HP[-7]
You take 7 damage, and now have 30/40 hp.
There are monsters nearby!
You are too injured to fight recklessly!
There are monsters nearby!
You are too injured to fight recklessly!
The orc wizard gestures at you while chanting.
The puff of flame hits you!
* * * LOW HITPOINT WARNING * * *
The quokka bites you but does no damage.
Things that are here:
a +0 dagger {short}; an orc corpse; 😨 HP[-10]
You take 10 damage, and now have 20/40 hp.
MASSIVE DAMAGE!! (PAUSE)
You closely miss the orc wizard. You barely miss the quokka.
You block the orc wizard's attack.
The quokka bites you but does no damage.
The quokka barely misses you. You furiously retaliate!
You headbutt the quokka, but do no damage.
The orc priest hits you with a +0 war axe.
* * * LOW HITPOINT WARNING * * *
The orc wizard hits you but does no damage. 😨 HP[-1]
You take 1 damage, and now have 19/40 hp.
You barely miss the orc priest. Your headbutt misses the orc priest.
You closely miss the quokka. You closely miss the orc wizard.
The quokka barely misses you. You furiously retaliate!
You headbutt the quokka.
You kill the quokka!
The orc priest hits you with a +0 war axe.
* * * LOW HITPOINT WARNING * * *
The orc wizard hits you with a +0 dagger.
* * * LOW HITPOINT WARNING * * *
😨 HP[-6]
You take 6 damage, and now have 13/40 hp.
You hit the orc priest. You headbutt the orc priest!
You closely miss the orc wizard.
The orc wizard points at you and mumbles some strange words.
You are confused.
The orc priest closely misses you. The orc wizard completely misses you.
The orc priest closely misses you.
You closely miss the orc priest. You miss the orc wizard.
The orc priest barely misses you.
The orc wizard hits you with a +0 dagger.
* * * LOW HITPOINT WARNING * * *
😨 HP[-2]
You take 2 damage, and now have 11/40 hp.
You bump into the rock wall.
The orc priest barely misses you.
The orc wizard hits you but does no damage.
The orc priest hits you but does no damage.
You barely miss the orc priest. You miss the orc wizard.
The orc priest hits you but does no damage.
The orc wizard hits you but does no damage.
You miss the orc wizard. You closely miss the orc priest.
You feel less confused.
The orc priest mumbles some strange prayers to Beogh against you.
Beogh smites you!
* * * LOW HITPOINT WARNING * * *
You block the orc wizard's attack.
The orc priest calls down the wrath of Beogh upon you.
Pain shoots through your body!
You die...

Skill      XL: |  1  2  3 |
---------------+----------+-----
Dodging        | 1 |  1.5
Fighting       | 4 |  4.2
Armour         | 4 |  4.2
Shields        | 4 |  4.2
Axes           | 3 |  3.2

Action                   |  1- 3 |  4- 6 || total
-------------------------+-------+-------++-------
Melee: War axe           |    84 |    12 ||    96
       Headbutt          |     9 |     2 ||    11
Armor: Scale mail        |    45 |     9 ||    54
Dodge: Dodged            |    42 |    10 ||    52
Block: Buckler           |    29 |     4 ||    33

Levels and vault maps discovered:
D:1:      lightli_arrival_maybe_door_vault, layout_loops_ring, minmay_quantized
D:2:      layout_basic, basic_altar, shapermc_ecumenical_altar_totnotflames,
          amcnicky_mini_corridor_feature, kennysheep_flooded_box,
          minmay_stone_trees_small, st_stairs_10
D:3:      layout_rooms, minitemple, roderic_nine_men_s_morris

Notes
Turn   | Place    | Note
-------+----------+-------------------------------------------
     0 | D:1      | Faeu the Minotaur Fighter began the quest for the Orb.
     0 | D:1      | Reached XP level 1. HP: 19/19 MP: 0/0
     0 | D:1      | magus.rc [v1.9.6]
   294 | D:1      | You pick up a book of Chaos and begin reading...
   294 | D:1      | You add the spells Conjure Ball Lightning, Disjunction and
                  | Discord to your library.
   486 | D:1      | Reached XP level 2. HP: 27/27 MP: 1/1
   497 | D:1      | magus.rc [v1.9.6]
   497 | D:1      | magus.rc [v1.9.6]
  1005 | D:2      | Found a faded altar of an unknown god.
  1008 | D:2      | Reached skill level 1 in Dodging
  1011 | D:2      | Reached skill level 4 in Fighting
  1011 | D:2      | Reached skill level 4 in Armour
  1011 | D:2      | Reached skill level 4 in Shields
  1011 | D:2      | Reached XP level 3. HP: 22/33 MP: 2/2
  1286 | D:2      | Reached skill level 3 in Axes
  1513 | D:2      | Found a snail-covered altar of Cheibriados.
  1564 | D:2      | HP: 7/33 [adder (2)]
  1565 | D:2      | HP: 3/33 [poisoned by an adder]
  1567 | D:2      | HP: 1/33 [poisoned by an adder]
  1590 | D:2      | HP: 2/33 [adder (2)]
  1611 | D:2      | HP: 2/33 [adder (2)]
  1613 | D:2      | Reached XP level 4. HP: 3/40 MP: 3/3
  2136 | D:3      | You add the spells Ozocubu's Armour and Ozocubu's
                  | Refrigeration to your library.
  2151 | D:3      | HP: 2/40 [orc priest/divine providence (10)]
  2151 | D:3      | Killed from afar by an orc priest

Vanquished Creatures
  3 adders (D:2)
  2 worms (D:2)
  An orc (D:3)
  2 endoplasms (D:2)
  3 giant cockroaches
  5 goblins
  A hobgoblin (D:1)
  3 jackals (D:2)
  4 quokkas
  6 ball pythons
  2 bats
  5 frilled lizards
  3 kobolds
  2 rats (D:2)
42 creatures vanquished.

Table legend:
 A = Non-vault XP
 B = Vault XP
 C = Vault XP percentage of total XP
 D = Non-vault monster count
 E = Vault monster count
 F = Vault count percentage of total count
                 A         B        C        D         E       F
            +---------+---------+-------+---------+---------+-------
      Total |      80 |      28 |  25.9 |      34 |       8 |  19.0
            +---------+---------+-------+---------+---------+-------
        D:1 |      19 |       8 |  29.6 |      12 |       5 |  29.4
        D:2 |      56 |      20 |  26.3 |      20 |       3 |  13.0
        D:3 |       5 |       0 |   0.0 |       2 |       0 |   0.0
            +---------+---------+-------+---------+---------+-------

Illustrated notes

Table legend:
 A = Kills in this place as a percentage of kills in entire the game.
 B = Kills by you in this place as a percentage of kills by you in the entire game.
 C = Kills by friends in this place as a percentage of kills by friends in the entire game.
 D = Other kills in this place as a percentage of other kills in the entire game.
 E = Experience gained in this place as a percentage of experience gained in the entire game.
 F = Experience gained in this place divided by the number of levels of this place that you have seen.
                   A       B       C       D       E      F
               +-------+-------+-------+-------+-------+----------------------
         Total | 100.0 | 100.0 |   N/A |   N/A | 100.0 |  36.0
       Dungeon | 100.0 | 100.0 |   N/A |   N/A | 100.0 |  36.0
               +-------+-------+-------+-------+-------+----------------------

Table legend: (Time is in decaauts)
 A = Elapsed time spent in this place.
 B = Non-inter-level travel time spent in this place.
 C = Inter-level travel time spent in this place.
 D = Time resting spent in this place.
 E = Time spent auto-exploring this place.
 F = Levels seen in this place.
 G = Mean time per level.
                   A        B        C        D        E       F      G
               +--------+--------+--------+--------+--------+-----+--------+
         Total |   2188 |   2149 |     39 |    278 |   1495 |   3 |  729.3 |
       Dungeon |   2188 |   2149 |     39 |    278 |   1495 |   3 |  729.3 |
               +--------+--------+--------+--------+--------+-----+--------+

Top non-repeatable levels by time:
     D:2: 1275 daAuts
     D:1: 890 daAuts
     D:3: 23 daAuts
